 Dungeon Crawl Stone Soup version 0.25-a0-667-gb977e01cb5 (webtiles) character file.

Game seed: 16235469935535720456, levelgen mode: deterministic

0 sanka the Magician (level 1, -1/7 HPs)
             Began as a Felid Wanderer on Mar 27, 2020.
             Slain by a goblin
             ... wielding a cursed +0 dagger
              (2 damage)
             ... on level 1 of the Dungeon.
             The game lasted 00:00:19 (73 turns).

sanka the Magician (Felid Wanderer)                   Turns: 73, Time: 00:00:19

Health: -1/7       AC:  1    Str:  8    XL:     1   Next: 8%
Magic:  8/8        EV: 15    Int: 13    God:
Gold:   0          SH:  0    Dex: 15    Spells: 12/12 levels left
                                        Lives:  0   Deaths: 0

rFire    . . .     SeeInvis +   (weapon unavailable)
rCold    . . .     Gourm    .   (shield unavailable)
rNeg     . . .     Faith    .   (armour unavailable)
rPois    .         Spirit   .   (helmet unavailable)
rElec    .         Reflect  .   (cloak unavailable)
rCorr    .         Harm     .   (gloves unavailable)
MR       .....                  (boots unavailable)
Stlth    ++........             (no amulet)
HPRegen  0.02/turn              (no ring)
MPRegen  0.11/turn              (no ring)

@: quick
A: very small, no armour, no weapons or thrown items, stealth, claws 1, fangs 3,
see invisible, carnivore, speed 1, shaggy fur 1, slow metabolism 1, sharp paws
a: no special abilities


You were on level 1 of the Dungeon.
You were not hungry.

You visited 1 branch of the dungeon, and saw 1 of its levels.


Innate Abilities, Weirdness & Mutations

You cannot wear armour.
You are incapable of wielding weapons or throwing items.
Your paws allow you to move quietly. (Stealth)
You have sharp claws.
You have razor-sharp teeth.
You have supernaturally acute eyesight. (SInv)
You are carnivorous and can eat meat at any time.
You cover ground quickly.
You are covered in fur. (AC +1)
You have a slow metabolism.
Your sharp claws are effective at attacking unaware monsters.


   Skills:
 - Level 1.3 Stealth
 + Level 0.2 Unarmed Combat
 - Level 6.0 Spellcasting
   Level 3.0 Translocations
   Level 1.1 Evocations


You had 12 spell levels left.
You didn't know any spells.
Your spell library contained the following spells:

 Spells                   Type           Power        Failure   Level  Hunger
 Apportation              Tloc           ##....       4%          1    None
 Blink                    Tloc           N/A          8%          2    ##.....
 Teleport Other           Tloc           ##......     14%         3    ###....
 Magic Dart               Conj           #...         17%         1    None
 Sandblast                Erth           #.....       17%         1    None
 Call Imp                 Summ           #.......     26%         2    ##.....
 Slow                     Hex            #.......     26%         2    ##.....
 Conjure Flame            Conj/Fire      #.......     45%         3    ###....
 Mephitic Cloud           Conj/Pois/Air  #.......     45%         3    ###....
 Stone Arrow              Conj/Erth      #.....       45%         3    ###....

Inventory:

Scrolls
 a - a scroll of teleportation {unknown}
Comestibles
 d - a ration

Dungeon Overview and Level Annotations

Branches:
Dungeon (1/15)

Altars:

.?. ... ..▒ ▒.▒ ▒)▒
▒▒'▒▒ ▒▒...▒▒ ▒ ▒▒▒
▒▒.gh..▒▒ ▒.▒▒.▒▒
▒▒.......▒▒
▒.▒...▒▒▒▒.........▒
▒........'.........+
▒>▒...▒▒▒▒.........▒
▒▒.▒▒ ▒▒.......▒▒
▒.▒ ▒▒?....▒▒
▒▒▒▒▒▒'▒▒▒ ▒▒...▒▒
.....+.'.▒ ▒▒+▒▒


You could see a goblin.


Message History

You closely miss the frilled lizard. The frilled lizard closely misses you.
You scratch the frilled lizard.
You kill the frilled lizard!
No target in view!
No target in view!
You start resting.
Found a mace.
Found a scroll labeled WEAGUOSH SULIO.
You closely miss the goblin. The goblin barely misses you.
You barely miss the goblin. The goblin barely misses you.
You closely miss the goblin.
The goblin hits you with a cursed +0 dagger.
* * * LOW HITPOINT WARNING * * *
You closely miss the goblin. The goblin misses you.
You scratch the goblin. You bite the goblin, but do no damage.
The goblin is severely wounded.
The goblin closely misses you.
You miss the goblin.
The goblin is severely wounded.
The goblin hits you with a cursed +0 dagger.
* * * LOW HITPOINT WARNING * * *
You barely miss the goblin.
The goblin is severely wounded.
The goblin hits you with a cursed +0 dagger.
You die...

Action                   || total
-------------------------++-------
Melee: Unarmed           ||    12
       Bite              ||     1
Dodge: Dodged            ||     7

Levels and vault maps discovered:
D:1:      ncdulo_smallfort, layout_loops_corners, grunt_decor_resistance,
          minmay_misc_feat_ornament

Notes
Turn   | Place    | Note
-------+----------+-------------------------------------------
     0 | D:1      | sanka the Felid Wanderer began the quest for the Orb.
     0 | D:1      | sanka set off with the following items: a ration; and the
                  | following spells available to memorise: Apportation, Blink,
                  | Teleport Other, Magic Dart, Sandblast, Call Imp, Slow,
                  | Conjure Flame, Mephitic Cloud, Stone Arrow
     0 | D:1      | Reached XP level 1. HP: 7/7 MP: 8/8
    73 | D:1      | Slain by a goblin

Vanquished Creatures
  A frilled lizard (D:1)
1 creature vanquished.
